 Dungeon Crawl Stone Soup version 0.24-a0-279-ga7546fe (webtiles) character file.

Game seed: 12423758575285675532

2507 emperorscorpion the Sneak (level 9, -1/57 HPs)
             Began as an Octopode Wizard on May 1, 2019.
             Was a Believer of Makhleb.
             Killed from afar by Harold (5 damage)
             ... with a bolt of acid
             ... on level 8 of the Dungeon.
             The game lasted 00:19:57 (11387 turns).

emperorscorpion the Sneak (Octopode Wizard)        Turns: 11387, Time: 00:19:58

Health: -1/57      AC:  1    Str:  7    XL:     9   Next: 53%
Magic:  2/19       EV: 14    Int: 23    God:    Makhleb [**....]
Gold:   300        SH:  0    Dex: 10    Spells: 9/21 levels left

rFire    . . .     SeeInvis +   a - +4 dagger (drain)
rCold    . . .     Gourm    .   (no shield)
rNeg     . . .     Faith    .   d - +0 hat
rPois    .         Spirit   .   (no amulet)
rElec    .         Reflect  .   p - ring of resist corrosion
rCorr    +         Harm     .   y - ring of see invisible
MR       .....                  (no ring)
Stlth    ++++......             (no ring)
HPRegen  0.19/turn              (no ring)
MPRegen  0.16/turn              (no ring)
                                (no ring)
                                (no ring)

@: marked, very slightly contaminated
A: almost no armour, stealthy swim, amphibious, 8 rings, constrict 8, camouflage
1, gelatinous body 1
a: Minor Destruction, Renounce Religion


You were on level 8 of the Dungeon.
You worshipped Makhleb.
Makhleb was pleased with you.
You were not hungry.

You visited 2 branches of the dungeon, and saw 9 of its levels.

You collected 300 gold pieces.

Inventory:

Hand Weapons
 a - a +4 dagger of draining (weapon)
 b - a +0 dagger
 h - a +0 hunting sling
 l - a +0 spear
 q - a +1 whip of venom
Missiles
 e - 6 javelins (quivered)
 i - 71 sling bullets
 k - 217 stones
 t - 5 tomahawks of returning
 w - 10 tomahawks
Armour
 d - a +0 hat (worn)
 B - a +2 large shield
Jewellery
 p - a ring of resist corrosion (left tentacle)
 y - a ring of see invisible (right tentacle)
Wands
 g - a wand of digging (4)
 m - a wand of acid (6)
 o - a wand of flame (39)
Scrolls
 j - 5 scrolls of remove curse
 r - 2 scrolls of magic mapping
 s - 2 scrolls of teleportation
 u - 4 scrolls of fear
Potions
 n - a potion of curing
 v - a potion of brilliance
 x - 2 potions of agility
 z - a potion of magic
 A - a potion of resistance
 C - a potion of cancellation
Comestibles
 c - 16 rations
 f - 4 chunks of flesh


   Skills:
 + Level 3.2 Fighting
 + Level 3.1 Short Blades
 - Level 2.5 Maces & Flails
 + Level 4.3 Dodging
 + Level 7.4 Stealth
 + Level 6.7 Spellcasting
 + Level 5.9 Conjurations
   Level 1.0 Summonings
 + Level 1.3 Translocations
 + Level 1.1 Air Magic
 + Level 1.4 Poison Magic
 + Level 1.2 Evocations


You had 9 spell levels left.
You knew the following spells:

 Your Spells              Type           Power        Failure   Level  Hunger
a - Magic Dart            Conj           ####         1%          1    None
b - Mephitic Cloud        Conj/Pois/Air  ###.....     8%          3    None
c - Iskenderun's Mystic   Conj           #####...     7%          4    ###....
d - Sublimation of Blood  Necr           #.........   12%         2    None
B - Blink                 Tloc           N/A          7%          2    None

Your spell library contained the following spells:

 Spells                   Type           Power        Failure   Level  Hunger
 Searing Ray              Conj           #####.       1%          2    None
 Conjure Flame            Conj/Fire      ###.....     7%          3    None
 Dazzling Spray           Conj/Hex       ###...       7%          3    None
 Freeze                   Ice            #...         8%          1    None
 Call Imp                 Summ           ##......     8%          2    None
 Slow                     Hex            #.......     12%         2    None
 Force Lance              Conj/Tloc      ###.....     19%         4    ###....
 Fulminant Prism          Conj/Hex       ###.......   24%         4    ###....
 Agony                    Necr           #.......     91%         5    #####..
 Dispel Undead            Necr           #.......     91%         5    #####..
 Bolt of Cold             Conj/Ice       ###.......   98%         6    ######.
 Death Channel            Necr           #.........   100%        6    ######.


Dungeon Overview and Level Annotations

Branches:
Dungeon (8/15)             Temple (1/1) D:5
   Lair: D:8-11

Altars:
Ashenzari
Cheibriados
Dithmenos
Elyvilon
Fedhas
Kikubaaqudgha
Makhleb
Nemelex Xobeh
Okawaru
Qazlal
Ru
Sif Muna
Trog
Uskayaw
Vehumet
Zin
The Shining One

Annotations:
D:4 3 runed translucent doors, DEFE's ghost, weakling DrFE; Sassenached's ghost, novice DsGl
D:8 Harold


Innate Abilities, Weirdness & Mutations

You cannot wear most types of armour.
You are very stealthy in the water. (Stealth+)
You are amphibious.
You can wear up to eight rings at the same time.
You can use your tentacles to constrict eight enemies at once.
Your skin changes colour to match your surroundings (Stealth+).
Your rubbery body absorbs attacks. (AC +1, EV +1)


Message History

A sentinel's mark forms upon you.
Casting: Iskenderun's Mystic Blast (safe; 7% risk of failure)
Confirm with . or Enter, or press ? or * to list all spells.
You don't have enough magic to cast that spell.
You struggle against the net.
You tear a large gash into the net.
Harold gestures at you while chanting. The harpoon shot hits you!
You are yanked forward by the harpoon shot.
Casting: Iskenderun's Mystic Blast (safe; 7% risk of failure)
Confirm with . or Enter, or press ? or * to list all spells.
You miscast Blink.
You are very lightly contaminated with residual magic.
The floor and the ceiling briefly switch places.
Harold hits you with a +0 trident!!
Harold hits you from afar with a +0 trident!!
* * * LOW HITPOINT WARNING * * *
Some of the chunks of flesh in your inventory have rotted away.
Harold zaps a wand.
The bolt of acid hits you. You resist.
You die...

#................####
.###...####.#####.......####
..#...# #..########........
#.#...###.###......#########
#..... #..###.####.........#
#.... #.###..######.......#
#...###.#...###...........#
#####...##....####..###.......#
#.......).....@....## ##......#
#..####.#.....###### #......#
#...)##.### ##....##
##......@..#### ##.#...#
#<..#...)[....# ##....(.#
#......#......##.# #..>.<..#
##...###..#.<######.#
##...#...# .... #..#.##
#.###..)###### ###.####..#.#
#รท#....##


You could see Harold (invisible).

Vanquished Creatures
  A water moccasin (D:7)
  An orc warrior (D:7)
  A phantom (D:7)
  An ogre (D:5)
  A sky beast (D:5)
  A black bear (D:6)
  5 centaurs
  A bullfrog (D:3)
  2 killer bees (D:8)
  2 electric eels (D:6)
  2 howler monkeys
  2 crimson imps
  2 bullfrog zombies
  4 jellies
  7 hounds
  3 orc priests
  Ijyb (D:5)
  A gnoll shaman (D:7)
  4 iguanas
  2 orc wizards (D:5)
  7 worker ants
  A hound zombie (D:6)
  A mummy (D:6)
  10 adders
  5 gnolls (D:7)
  2 shadow imps
  An ooze (D:3)
  An adder skeleton (D:8)
  An adder zombie (D:6)
  3 worms
  A dart slug (D:1)
  3 leopard geckos
  32 orcs
  8 giant cockroaches
  5 goblins
  7 hobgoblins
  13 jackals
  A quokka (D:7)
  2 ball pythons
  4 bats
  A frilled lizard (D:1)
  3 kobolds
  A leopard gecko zombie (D:5)
  5 rats
162 creatures vanquished.

Vanquished Creatures (collateral kills)
  A killer bee (D:8)
1 creature vanquished.

Vanquished Creatures (others)
  A wizard (D:6)
  A withered plant (D:4)
2 creatures vanquished.

Grand Total: 165 creatures vanquished

Notes
Turn   | Place    | Note
-------+----------+-------------------------------------------
     0 | D:1      | emperorscorpion the Octopode Wizard began the quest for the
                  | Orb.
     0 | D:1      | Reached XP level 1. HP: 11/11 MP: 4/4
   135 | D:1      | Reached XP level 2. HP: 17/17 MP: 4/6
  1100 | D:2      | Reached XP level 3. HP: 15/21 MP: 0/8
  1105 | D:2      | Learned a level 3 spell: Mephitic Cloud
  1316 | D:2      | Reached skill level 3 in Stealth
  1491 | D:2      | Found a white marble altar of Elyvilon.
  1857 | D:2      | Reached XP level 4. HP: 20/27 MP: 1/10
  2629 | D:3      | Noticed a phantom
  2646 | D:3      | Found a blossoming altar of Fedhas.
  2882 | D:3      | Reached XP level 5. HP: 16/31 MP: 5/11
  3760 | D:3      | Reached skill level 4 in Stealth
  3760 | D:3      | Reached XP level 6. HP: 29/36 MP: 13/13
  4247 | D:4      | Reached skill level 1 in Maces & Flails
  4875 | D:4      | Found a runed translucent gate.
  4875 | D:4      | Found a runed translucent gate.
  4875 | D:4      | Found a runed translucent gate.
  4875 | D:4      | Noticed DEFE's ghost (weakling DrFE)
  4876 | D:4      | Noticed Sassenached's ghost (novice DsGl)
  5216 | D:5      | Entered Level 5 of the Dungeon
  5270 | D:5      | Found a staircase to the Ecumenical Temple.
  5280 | Temple   | Entered the Ecumenical Temple
  5285 | Temple   | Became a worshipper of Makhleb the Destroyer
  5318 | D:5      | Noticed Ijyb
  5330 | D:5      | Killed Ijyb
  5330 | D:5      | Reached XP level 7. HP: 31/42 MP: 4/14
  5333 | D:5      | Reached skill level 5 in Spellcasting
  5377 | D:5      | Reached skill level 1 in Fighting
  5379 | D:5      | HP: 2/43 [orc/tomahawk (4)]
  5883 | D:5      | Learned a level 2 spell: Blink
  6571 | D:5      | Reached skill level 1 in Short Blades
  6571 | D:5      | Reached skill level 5 in Stealth
  6571 | D:5      | Reached XP level 8. HP: 50/50 MP: 4/16
  7141 | D:6      | Found a transporter.
  7161 | D:6      | Found a transporter.
  7403 | D:6      | Reached skill level 1 in Evocations
  7994 | D:6      | Found a bloodstained altar of Trog.
  7995 | D:6      | Noticed a wizard
  8001 | D:6      | Killed a wizard
  8329 | D:6      | Found a snail-covered altar of Cheibriados.
  8334 | D:6      | Reached skill level 1 in Poison Magic
  8711 | D:7      | Reached * piety under Makhleb
  9102 | D:7      | Reached skill level 6 in Stealth
  9102 | D:7      | Reached skill level 5 in Conjurations
  9185 | D:7      | Reached XP level 9. HP: 49/55 MP: 18/18
  9797 | D:7      | Identified a scroll of acquirement
  9797 | D:7      | Identified the Handbook of the Frostbite and Stolen Souls
                  | (You acquired it on level 7 of the Dungeon)
 10032 | D:7      | Reached skill level 1 in Air Magic
 10293 | D:7      | Reached skill level 7 in Stealth
 10944 | D:7      | Learned a level 4 spell: Iskenderun's Mystic Blast
 10983 | D:8      | Found a sparkling altar of Nemelex Xobeh.
 10985 | D:8      | Found a shattered altar of Ashenzari.
 11094 | D:8      | Found a radiant altar of Vehumet.
 11094 | D:8      | Found a hide-covered altar of Uskayaw.
 11098 | D:8      | Learned a level 2 spell: Sublimation of Blood
 11244 | D:8      | Reached ** piety under Makhleb
 11377 | D:8      | Noticed Harold
 11387 | D:8      | Killed from afar by Harold

Levels and vault maps discovered:
D:1:      sevenhm_arrival_forest_fort_small_6, layout_loops_ring
D:2:      layout_basic, elyvilon_altar_4
D:3:      layout_loops_corners, fedhas_altar_1, first_ration
D:4:      layout_loops_ring, gammafunk_ghost_cemetery, nrook_mini_backslash
D:5:      layout_layer_cave, minmay_temple_entry_mini_moons, grunt_ministairs_8,
          uniq_ijyb
D:6:      gammafunk_steamed_eel, layout_layer_cave, slow_altar_2, trog_wizard
D:7:      layout_gridville, minmay_misc_feat_iff
D:8:      layout_rooms, regret_index_temple_of_mockery,
          grunt_temple_overflow_cloverleaf, special_room [special_room_orc],
          serial_shops, shop, uniq_harold
Temple:   minmay_freezing_vapour_temple

Skill      XL: |  1  2  3  4  5  6  7  8  9 |
---------------+----------------------------+-----
Stealth        | 3 4 5 6 7 |  7.4
Spellcasting   | 4 5 6 |  6.7
Conjurations   | 2 3 4 5 |  5.9
Maces & Flails | 2 |  2.5
Fighting       | 2 3 |  3.2
Dodging        | 3 4 |  4.3
Short Blades   | 1 2 3 |  3.1
Evocations     | 1 |  1.2
Poison Magic   | 1 |  1.4
Air Magic      | 1 |  1.1
Summonings     | |  1.0
Translocations | |  1.3

Action                   |  1- 3 |  4- 6 |  7- 9 || total
-------------------------+-------+-------+-------++-------
Melee: Dagger            |     2 |       |   175 ||   177
       Constrict         |     5 |    22 |    29 ||    56
       Tentacles         |     2 |    10 |    21 ||    33
       Whip              |    11 |    72 |     5 ||    88
 Cast: Magic Dart        |    77 |    89 |   162 ||   328
       Mephitic Cloud    |       |     1 |    12 ||    13
       Blink             |       |       |     2 ||     2
       Iskenderun's Myst |       |       |     9 ||     9
Evoke: Wand              |       |     1 |     5 ||     6
  Use: Scroll            |       |     1 |     9 ||    10
       Potion            |       |     5 |     1 ||     6
 Stab: Sleeping          |     1 |     6 |    12 ||    19
       Confused          |       |       |     7 ||     7
  Eat: Chunk             |     3 |    10 |    20 ||    33
Armor: Skin              |     2 |     3 |    11 ||    16
Dodge: Dodged            |    20 |    60 |   131 ||   211

Table legend:
 A = Non-vault XP
 B = Vault XP
 C = Vault XP percentage of total XP
 D = Non-vault monster count
 E = Vault monster count
 F = Vault count percentage of total count
                 A         B        C        D         E       F
            +---------+---------+-------+---------+---------+-------
      Total |    3350 |     232 |   6.5 |     146 |      17 |  10.4
            +---------+---------+-------+---------+---------+-------
        D:1 |      25 |       0 |   0.0 |      13 |       0 |   0.0
        D:2 |      65 |       0 |   0.0 |      17 |       0 |   0.0
        D:3 |     240 |       0 |   0.0 |      21 |       0 |   0.0
        D:4 |     185 |       0 |   0.0 |      13 |       0 |   0.0
        D:5 |     679 |      72 |   9.6 |      19 |       2 |   9.5
        D:6 |     491 |     124 |  20.2 |      12 |       3 |  20.0
        D:7 |    1281 |       0 |   0.0 |      40 |       0 |   0.0
        D:8 |     384 |      36 |   8.6 |      11 |      12 |  52.2
            +---------+---------+-------+---------+---------+-------
